 Dungeon Crawl Stone Soup version 0.28.0-49-g6dfe1f597d (webtiles) character file.

Game seed: 1730641465957043474

2379 Zeld the Ogre Mage (level 9, -13/94 HPs)
             Began as an Ogre Transmuter on May 19, 2022.
             Mangled by Menkaure (16 damage)
             ... on level 7 of the Dungeon.
             The game lasted 00:08:53 (12317 turns).

Zeld the Ogre Mage (Ogre Transmuter)               Turns: 12317, Time: 00:08:54

Health: -13/94     AC:  7    Str: 20    XL:     9   Next: 45%
Magic:  18/21      EV: 10    Int: 14    God:
Gold:   31         SH:  5    Dex:  9    Spells: 14/24 levels left

rFire   x . .      SeeInvis +     - Unarmed
rCold   + + +      Faith    .   (shield currently unavailable)
rNeg    . . .      Spirit   .   (armour currently unavailable)
rPois   +          Reflect  +   (helmet currently unavailable)
rElec   .          Harm     .   (cloak currently unavailable)
rCorr   .          Rampage  .   (gloves unavailable)
Will    +....                   (boots unavailable)
Stlth   +.........              w - amulet of reflection
HPRegen 0.25/turn               d - ring of see invisible
MPRegen 0.17/turn               g - ring of willpower

@: ice-form
A: freezing attack, amphibious, boosted hp, large, unfitting armour, (tough skin
1)
a: End Transformation


You were on level 7 of the Dungeon.
You were a creature of crystalline ice.
You visited 1 branch of the dungeon, and saw 7 of its levels.
You also visited: Sewer.

You collected 395 gold pieces.
You spent 364 gold pieces at shops.

Inventory:

Armour
 a - a +0 robe (melded)
 c - a +1 cloak (melded)
Jewellery
 d - a ring of see invisible (left front paw)
 g - a ring of willpower (right front paw)
 w - an amulet of reflection (around neck)
Wands
 e - a wand of flame (11)
 u - a wand of iceblast (5)
 y - a wand of polymorph (12)
Scrolls
 h - 4 scrolls of noise {unknown}
 i - a scroll of enchant weapon {unknown}
 m - 5 scrolls of identify {unknown}
 n - a scroll of vulnerability {unknown}
 p - a scroll of immolation {unknown}
 r - a scroll of blinking
 s - a scroll of fog {unknown}
 t - 2 scrolls of fear {unknown}
 x - 3 scrolls of magic mapping {unknown}
Potions
 b - 3 potions of mutation
 f - a potion of degeneration {unknown}
 j - 3 potions of haste {unknown}
 k - 3 potions of berserk rage
 l - a potion of attraction {unknown}
 o - 2 potions of might
 q - 2 potions of heal wounds
 v - 2 potions of ambrosia {unknown}
 z - 2 potions of curing


   Skills:
 - Level 2.0 Fighting
 + Level 5.0 Dodging
 - Level 2.6 Unarmed Combat
 * Level 8.4 Spellcasting
 * Level 7.2 Transmutations
 - Level 2.0 Ice Magic
 - Level 2.0 Poison Magic


You had 14 spell levels left.
You knew the following spells:

 Your Spells              Type           Power      Damage    Failure   Level
a - Beastly Appendage     Tmut           52%        N/A       1%          1
b - Wereblood             Tmut           26%        N/A       1%          2
c - Spider Form           Tmut/Pois      18%        N/A       5%          3
d - Ice Form              Ice/Tmut       18%        N/A       19%         4

Your spell library contained the following spells:

 Spells                   Type           Power      Damage    Failure   Level
 Summon Small Mammal      Summ           20%        N/A       12%         1
 Call Canine Familiar     Summ           5%         N/A       36%         3
 Summon Guardian Golem    Hex/Summ       5%         N/A       36%         3
 Tukima's Dance           Hex            5%         N/A       36%         3
 Anguish                  Hex/Necr       2%         N/A       77%         4
 Fulminant Prism          Conj/Hex       2%         3d6       77%         4
 Iskenderun's Mystic Bla  Conj/Tloc      5%         2d3       77%         4
 Lee's Rapid Deconstruct  Erth           2%         3d6*      98%         5
 Enfeeble                 Hex            2%         N/A       100%        7


Dungeon Overview and Level Annotations

Branches:
Dungeon (7/15)             Temple (0/1) D:6           Sewer (visited)

Altars:
Uskayaw

Shops:
D:3 !

Annotations:
D:7 Menkaure


Innate Abilities, Weirdness & Mutations

You are a creature of crystalline ice.
You have a powerful freezing melee attack.
You are amphibious.
Your maximum health is increased.
Your armour is entirely melded.
You are incapable of wielding weapons or throwing items.
You are too large for most types of armour.
((You have tough skin. (AC +1)))


Message History

Menkaure casts a spell at you. Pain shoots through your body!
Menkaure gestures wildly while chanting.
Menkaure seems to speed up.
Casting: Spider Form (dangerous; 5% risk of failure)
Confirm with . or Enter, or press ? or * to list all spells.
You turn into a creature of crystalline ice.
Your +1 cloak melds into your body.
Your +0 robe melds into your body.
Menkaure calls on the powers of darkness!
Your body is wracked with pain!
You hit Menkaure.
Menkaure is lightly damaged.
Menkaure hits you.
You are too injured to fight recklessly!
You are too injured to fight recklessly!
You are too injured to fight recklessly!
You hit Menkaure. You freeze Menkaure.
Menkaure is moderately damaged.
Menkaure calls on the powers of darkness!
Your body is wracked with pain!
* * * LOW HITPOINT WARNING * * *
You hit Menkaure but do no damage.
Menkaure is moderately damaged.
Menkaure hits you.
* * * LOW HITPOINT WARNING * * *
Menkaure hits you!
* * * LOW HITPOINT WARNING * * *
You punch Menkaure!
Menkaure is heavily damaged.
Menkaure calls on the powers of darkness!
Your body is wracked with pain!
* * * LOW HITPOINT WARNING * * *
Unknown command.
You hit Menkaure.
Menkaure is severely damaged.
Menkaure calls on the powers of darkness!
Your body is wracked with pain!
* * * LOW HITPOINT WARNING * * *
Menkaure hits you!
You die...

##..##########.....#
#..............>.###
...###########..##
...## #..# ##..##
#..######
##..#########..#....#
##......##.........#
######.##"...M.#
#...)......Y.#
#..##......##...# #.
##.....# ##.# ..
#...#..# # ##
..........
..#..######. .###.##
. ..


You could see Menkaure (fast).

Vanquished Creatures
  Pikel (D:4)
  Prince Ribbit (D:6)
  A water moccasin (D:6)
  2 ice beasts (D:5)
  A black bear (D:4)
  A centaur (D:4)
  2 lemures (D:4)
  A phantom (D:5)
  A wyvern zombie (D:7)
  5 scorpions
  2 bullfrogs (Sewer)
  A howler monkey (D:6)
  2 hounds (D:6)
  A jelly (D:5)
  A bullfrog skeleton (D:6)
  A centaur skeleton (D:5)
  A gnoll shaman (D:6)
  3 iguanas
  A hound skeleton (D:5)
  17 gnolls
  16 adders
  2 adder skeletons (D:4)
  5 worms
  4 orcs (D:3)
  12 ball pythons
  15 endoplasms
  13 giant cockroaches
  4 goblins
  7 hobgoblins
  8 quokkas
  3 bats
  6 frilled lizards
  3 kobolds
  6 rats
150 creatures vanquished.

Notes
Turn   | Place    | Note
-------+----------+-------------------------------------------
     0 | D:1      | Zeld the Ogre Transmuter began the quest for the Orb.
     0 | D:1      | Reached XP level 1. HP: 19/19 MP: 3/3
   421 | D:2      | Reached XP level 2. HP: 3/28 MP: 3/5
   504 | D:2      | Learned a level 2 spell: Wereblood
   791 | D:1      | Reached skill level 3 in Spellcasting
   892 | D:1      | Found a faded altar of an unknown god.
   925 | D:1      | Reached XP level 3. HP: 14/35 MP: 7/7
   929 | D:1      | Learned a level 3 spell: Spider Form
  2125 | D:1      | Reached XP level 4. HP: 6/42 MP: 0/9
  2709 | D:2      | Learned a level 4 spell: Ice Form
  2867 | D:2      | Found a hide-covered altar of Uskayaw.
  3792 | D:1      | Reached skill level 1 in Poison Magic
  3792 | D:1      | Reached XP level 5. HP: 45/49 MP: 7/10
  4789 | D:3      | Found Gogaky's Distillery.
  4817 | D:3      | Bought a potion of berserk rage for 65 gold pieces
  5280 | D:3      | Reached skill level 4 in Spellcasting
  5928 | D:3      | Bought a potion of curing for 39 gold pieces
  5928 | D:3      | Bought a potion of curing for 39 gold pieces
  6187 | D:4      | Noticed a centaur
  6194 | D:4      | Killed a centaur
  6195 | D:4      | Reached skill level 1 in Ice Magic
  6195 | D:4      | Reached XP level 6. HP: 47/57 MP: 8/12
  7085 | D:3      | Bought a potion of might for 52 gold pieces
  7159 | D:4      | Noticed a black bear
  7168 | D:4      | Killed a black bear
  7169 | D:4      | Reached XP level 7. HP: 63/65 MP: 9/14
  7223 | D:4      | Noticed Pikel
  7520 | D:4      | HP: 1/65 [Pikel/+0 whip of freezing (3)]
  7595 | D:3      | HP: 3/65 [poisoned by an adder]
  8056 | D:4      | Killed Pikel
  8057 | D:4      | Reached skill level 5 in Spellcasting
  8057 | D:4      | Reached skill level 5 in Transmutations
  8057 | D:4      | Reached XP level 8. HP: 65/72 MP: 13/16
  8163 | D:4      | Reached skill level 6 in Spellcasting
  8309 | D:5      | Entered Level 5 of the Dungeon
  8381 | D:5      | Found a glowing drain.
  8460 | Sewer    | Entered a sewer
  9805 | D:5      | Reached skill level 7 in Spellcasting
 10124 | D:5      | Reached XP level 9. HP: 52/79 MP: 17/20
 10427 | D:3      | Bought a potion of mutation for 104 gold pieces
 10985 | D:6      | Noticed Prince Ribbit
 11001 | D:6      | Killed Prince Ribbit
 11002 | D:6      | Reached skill level 8 in Spellcasting
 11715 | D:6      | Found a staircase to the Ecumenical Temple.
 12130 | D:3      | Bought a potion of heal wounds for 65 gold pieces
 12230 | D:7      | Reached skill level 5 in Dodging
 12306 | D:7      | Noticed Menkaure
 12315 | D:7      | HP: 4/94 [Menkaure (16)]
 12317 | D:7      | Mangled by Menkaure

Illustrated notes

Levels and vault maps discovered:
D:1:      dpeg_arrival_court, layout_loops_corners,
          nicolae_ecumenical_lake_church, serial_glass, glass_columns_b,
          glass_columns_a, due_unseen_surprise, minmay_misc_feat_diagonals,
          minmay_3d_cube
D:2:      layout_basic, basic_altar, ebering_dispersal_statue_hall, hex_medium
D:3:      layout_basic, serial_shops, nicolae_shop_waterfront, nicolae_wormholes
D:4:      layout_rooms, uniq_pikel
D:5:      layout_rooms, cheibrodos_sewer_entry_bend
D:6:      layout_loops_ring, minmay_temple_entry_from_below_b,
          minmay_strange_pillars, uniq_prince_ribbit1
D:7:      layout_rooms, nicolae_elyvilon_temple_path, minmay_misc_feat_x,
          uniq_menkaure

Skill      XL: |  1  2  3  4  5  6  7  8  9 |
---------------+----------------------------+-----
Transmutations | 2 3 5 6 7 |  7.2
Dodging        | 2 3 4 5 |  5.0
Spellcasting   | 3 4 5 7 8 |  8.4
Fighting       | 2 |  2.0
Poison Magic   | 1 2 |  2.0
Ice Magic      | 1 2 |  2.0
Unarmed Combat | |  2.6

Action                   |  1- 3 |  4- 6 |  7- 9 || total
-------------------------+-------+-------+-------++-------
Melee: Unarmed           |    93 |   145 |   329 ||   567
       Kick              |    11 |       |       ||    11
       Headbutt          |     5 |     1 |       ||     6
       Punch             |     1 |     2 |     1 ||     4
 Cast: Beastly Appendage |    19 |     2 |       ||    21
       Spider Form       |     4 |    34 |    15 ||    53
       Ice Form          |       |       |    21 ||    21
  Use: Potion            |       |     3 |       ||     3
 Stab: Sleeping          |       |     1 |       ||     1
Armor: Robe              |    42 |    21 |    40 ||   103
       Skin              |     4 |     8 |    64 ||    76
Dodge: Dodged            |    52 |   152 |   249 ||   453
Block: Other             |       |       |    30 ||    30
